 Dungeon Crawl Stone Soup version 0.31-a0-948-gf5be29c462 (webtiles) character file.

Game seed: 6909260448126489218

73 protoss039 the Digger (level 4, 33/33 HPs)
             Began as a Demonspawn Earth Elementalist on Oct 21, 2023.
             Got out of the dungeon alive.
             The game lasted 00:02:46 (2340 turns).

protoss039 the Digger (DsEE)                        Turns: 2340, Time: 00:02:47

Health: 33/33      AC:  7    Str:  8    XL:     4   Next: 8%
Magic:  8/8        EV: 10    Int: 19    God:
Gold:   78         SH:  0    Dex: 13    Spells: 2/8 levels left

rFire   . . .        c - +0 short sword
rCold   . . .        (no shield)
rNeg    . . .        o - +0 ring mail
rPois   .            (no helmet)
rElec   .            (no cloak)
rCorr   .            q - +0 pair of gloves
SInv    .            (no boots)
Will    .....        (no amulet)
Stlth   +            a - ring of flight
HPRegen 0.25/turn    (no ring)
MPRegen 0.11/turn

%: no passive effects
@: flying
A: demonic guardian 1, sharp scales 1
a: no special abilities


You escaped.
You visited 1 branch of the dungeon, and saw 3 of its levels.

You collected 78 gold pieces.

Inventory:

Hand Weapons
 c - a +0 short sword (weapon)
Armour
 h - a +0 leather armour
 o - a +0 ring mail (worn)
 q - a +0 pair of gloves (worn)
Jewellery
 a - a ring of flight (left hand)
 m - a +5 ring of evasion
 n - a +6 ring of dexterity
Wands
 r - a wand of flame (10)
Scrolls
 e - a scroll of blinking {unknown}
 f - 3 scrolls of identify {unknown}
 g - a scroll of poison {unknown}
 l - 3 scrolls of immolation {unknown}
 p - a scroll of fear {unknown}
 s - a scroll of revelation {unknown}
 t - a scroll of teleportation {unknown}
Potions
 b - a potion of magic
 d - 2 potions of invisibility {unknown}
 i - a potion of enlightenment {unknown}
 j - 2 potions of brilliance {unknown}
 k - 2 potions of curing {unknown}


   Skills:
 + Level 1.9 Fighting
 + Level 0.3 Armour
 - Level 1.7 Dodging
 - Level 1.7 Stealth
 + Level 2.7 Spellcasting
 * Level 1.0 Conjurations
 - Level 0.8 Transmutations
 + Level 3.2 Earth Magic


You had 2 spell levels left.
You knew the following spells:

 Your Spells              Type           Power      Damage    Failure   Level
a - Sandblast             Erth           30%        2d9       13%         1
b - Passwall              Tmut/Erth      8%         N/A       32%         2
c - Stone Arrow           Conj/Erth      20%        3d8       52%         3

Your spell library contained the following spells:

 Spells                   Type           Power      Damage    Failure   Level
 Brom's Barrelling Bould  Conj/Erth      10%        2d3       90%         4
 Petrify                  Tmut/Erth      10%        N/A       91%         4


Dungeon Overview and Level Annotations

Branches:
Dungeon (3/15) Zot: 15642

Altars:


Innate Abilities, Weirdness & Mutations

A weak demonic guardian rushes to your aid.
You are partially covered in razor-sharp scales. (AC +1, Slay +1)


Message History

A worm is nearby!
A worm is nearby!
You barely miss the worm.
A worm is nearby!
You hit the worm.
The worm is lightly wounded.
The worm bites you.
A worm is nearby!
You hit the worm.
The worm is moderately wounded.
A worm is nearby!
You hit the worm.
The worm is heavily wounded.
The worm bites you.
A worm is nearby!
Casting: Sandblast (safe; 13% risk of failure)
Confirm with . or Enter, or press ? or * to list all spells.
Aiming: Sandblast (safe; 13% risk of failure)
Press: ? - help, Shift-Dir - straight line, f - worm
Aim: a worm (heavily wounded, 94% to hit)
The blast of sand hits the worm!
You kill the worm!
Your Conjurations skill increases to level 1!
Unknown command.
There is a stone staircase leading up here.
You fly upwards.
There is a stone staircase leading down here.
Unknown command.
Unknown command.
What level of the Dungeon? (default 3, ? - help)
There is a stone staircase leading down here.
There is an open door here.
HP restored.
There is a stone staircase leading up here.
You fly upwards.
There is a stone staircase leading down here.
You see here a +0 dagger.
There is an open door here.
There is a staircase leading out of the dungeon here.
You have escaped!

#.####.# ##.. #.# #.# ##.#. #.#
#.# #.##. #)# #.# #.... #.####.#
#..#. #.#....# ##.#.
############'#### ####...
#~≈~≈≈≈~≈≈.<..♣♣♣♣ ########......
'..~~≈≈PP~~.....@♣♣#..(........#.
#....~~PPP~≈~.P...♣#####.##.##.##
#♣....~~~PPP~~.....####..........
♣♣.....~~~≈~≈≈....'.#...##.##.##
# ♣♣♣.....<..~≈≈≈~~#...#.##.##.##
# ########'###########...##.....)
# #...........# #.#.##########...
#.#####.###.# #.#.# ####
#.......###.# #.#.# #..


There were no monsters in sight!

Vanquished Creatures
  An adder (D:2)
  2 worms
  A dart slug (D:1)
  4 ball pythons
  8 bats
  3 endoplasms
  2 giant cockroaches
  4 goblins
  3 hobgoblins
  11 jackals
  4 kobolds
  A quokka (D:3)
  A frilled lizard (D:3)
  4 rats
49 creatures vanquished.

Notes
Turn   | Place    | Note
-------+----------+-------------------------------------------
     0 | D:1      | protoss039 the Demonspawn Earth Elementalist began the
                  | quest for the Orb.
     0 | D:1      | Reached XP level 1. HP: 13/13 MP: 3/3
   461 | D:1      | Gained mutation: You are partially covered in razor-sharp
                  | scales. (AC +1, Slay +1) [demonic ancestry]
   461 | D:1      | Reached XP level 2. HP: 16/20 MP: 1/5
   523 | D:1      | Reached skill level 1 in Fighting
   564 | D:1      | Reached skill level 3 in Earth Magic
   745 | D:1      | Learned a level 2 spell: Passwall
  1099 | D:2      | Reached XP level 3. HP: 19/26 MP: 6/6
  1803 | D:2      | Learned a level 3 spell: Stone Arrow
  2127 | D:3      | Gained mutation: A weak demonic guardian rushes to your
                  | aid. [demonic ancestry]
  2127 | D:3      | Reached XP level 4. HP: 32/33 MP: 6/8
  2257 | D:3      | Reached skill level 1 in Conjurations
  2340 | D:$      | Got out of the dungeon alive.

Illustrated notes

Levels and vault maps discovered:
D:1:      tarquinn_simple_flora_water_c, layout_loops_ring
D:2:      layout_basic
D:3:      layout_loops_ring, doesnt_xom_only_xom

Skill      XL: |  1  2  3  4 |
---------------+-------------+-----
Fighting       | 1 |  1.9
Earth Magic    | 3 |  3.2
Conjurations   | 1 |  1.0
Armour         | |  0.3
Dodging        | |  1.7
Stealth        | |  1.7
Spellcasting   | |  2.7
Transmutations | |  0.8

Action                     |  1- 3 |  4- 6 || total
---------------------------+-------+-------++-------
  Melee: Short sword       |   125 |     8 ||   133
         Unarmed           |     2 |       ||     2
   Cast: Sandblast         |    29 |     5 ||    34
         Passwall          |     1 |       ||     1
   Stab: Sleeping          |     4 |       ||     4
 Armour: Robe              |     9 |       ||     9
         Leather armour    |    51 |       ||    51
         Ring mail         |    21 |     6 ||    27
  Dodge: Dodged            |    98 |     6 ||   104

Table legend: (Time is in decaauts)
 A = Elapsed time spent in this place.
 B = Non-inter-level travel time spent in this place.
 C = Inter-level travel time spent in this place.
 D = Time resting spent in this place.
 E = Time spent auto-exploring this place.
 F = Levels seen in this place.
 G = Mean time per level.
                   A        B        C        D        E       F      G
               +--------+--------+--------+--------+--------+-----+--------+
         Total |   2357 |   2196 |    161 |     88 |   1681 |   3 |  785.7 |
       Dungeon |   2357 |   2196 |    161 |     88 |   1681 |   3 |  785.7 |
               +--------+--------+--------+--------+--------+-----+--------+

Top non-repeatable levels by time:
     D:2: 1040 daAuts
     D:1: 851 daAuts
     D:3: 465 daAuts
